 Dungeon Crawl Stone Soup version 0.32-a0-900-g30fb1b0edc (webtiles) character file.

Game seed: 1681118310290869170

50 dialectric the Trooper (level 3, -2/34 HPs)
             Began as a Minotaur Fighter on Apr 5, 2024.
             Slain by a sleepcap (6 damage)
             ... on level 3 of the Dungeon.
             The game lasted 00:01:20 (1547 turns).

dialectric the Trooper (Minotaur Fighter)           Turns: 1547, Time: 00:01:21

Health: -2/34      AC:  7    Str: 20    XL:     3   Next: 55%
Magic:  2/2        EV:  8    Int:  5    God:
Gold:   111        SH:  0    Dex: 11    Spells: 2/2 levels left

rFire   . . .        k - +1 dagger (venom)
rCold   . . .        (no shield)
rNeg    . . .        b - +0 scale mail
rPois   .            (helmet restricted)
rElec   .            (no cloak)
rCorr   .            (no gloves)
SInv    .            (no boots)
Will    .....        (no amulet) Stlth
                     (no ring)
HPRegen 0.25/turn    (no ring)
MPRegen 0.08/turn

%: no passive effects
@: no status effects
A: horns 2, retaliatory headbutt
a: no special abilities


You were on level 3 of the Dungeon.
You visited 1 branch of the dungeon, and saw 3 of its levels.

You collected 111 gold pieces.

Inventory:

Hand Weapons
 a - a +0 flail
 k - a +1 dagger of venom (weapon)
Missiles
 m - 4 curare-tipped darts (quivered)
Armour
 b - a +0 scale mail (worn)
 c - a +0 buckler
Jewellery
 g - a ring of protection from cold
Scrolls
 e - a scroll of enchant weapon {unknown}
 h - a scroll of brand weapon {unknown}
 i - a scroll of torment {unknown}
Potions
 d - 2 potions of might
 f - a potion of curing {unknown}
 j - a potion of berserk rage {unknown}
 l - a potion of degeneration {unknown}
 n - a potion of cancellation {unknown}


   Skills:
 + Level 4.4 Fighting
 + Level 3.3 Maces & Flails
 + Level 4.3 Armour
 - Level 3.7 Shields


You had 2 spell levels left.
You didn't know any spells.
Your spell library contained the following spells:

 Spells                   Type           Power      Damage    Failure   Level
 Shock                    Conj/Air       0%         1d3       82%         1
 Mercury Vapours          Alch/Air       0%         N/A       91%         2
 Inner Flame              Hex/Fire       0%         N/A       99%         3
 Mephitic Cloud           Conj/Alch/Air  0%         N/A       99%         3
 Swiftness                Air            0%         N/A       99%         3
 Airstrike                Air            0%         2d(0-16)  100%        4
 Freezing Cloud           Conj/Ice/Air   0%         6-21      100%        5
 Irradiate                Conj/Alch      0%         3d11      100%        5
 Ignition                 Fire           0%         3d3       100%        8


Dungeon Overview and Level Annotations

Branches:
Dungeon (3/15)

Altars:


Innate Abilities, Weirdness & Mutations

You have a pair of horns on your head.
You reflexively headbutt those who attack you in melee.


Message History

You hit the bat.
The bat is poisoned.
The bat is severely wounded.
The bat hits you but does no damage. The bat hits you but does no damage.
You hit the bat.
The bat looks as sick as possible!
The bat is severely wounded.
You kill the bat!
The sleepcap releases spores at you but does no damage.
You hit the sleepcap. You headbutt the sleepcap.
The sleepcap is moderately damaged.
The sleepcap barely misses you.
You hit the sleepcap.
The sleepcap is moderately damaged.
The sleepcap closely misses you.
You hit the sleepcap.
The sleepcap is heavily damaged.
The sleepcap releases spores at you.
You hit the sleepcap but do no damage.
The sleepcap is poisoned.
You headbutt the sleepcap!
The sleepcap is severely damaged.
The sleepcap releases spores at you.
You are engulfed in a cloud of soporific spores!
You fall asleep.
The sleepcap releases spores at you but does no damage.
The sleepcap barely misses you. The sleepcap barely misses you.
The sleepcap releases spores at you!!
You wake up.
Ouch! That really hurt!
* * * LOW HITPOINT WARNING * * *
You are engulfed in a cloud of soporific spores!
You are unaffected.
You hit the sleepcap.
The sleepcap is almost destroyed.
The sleepcap releases spores at you.
* * * LOW HITPOINT WARNING * * *
Unknown command.
You hit the sleepcap but do no damage.
The sleepcap is almost destroyed.
The sleepcap releases spores at you.
You die...

####.....
#.....>.# ..
#.......# ...
#.......# ....
#.......##....
#.............
#......†......
#.##.............
.......<.@.......
..........f...###
....#######[..#
#.# ...# # ...#
..# ..# ##


You could see a sleepcap (poisoned).

Vanquished Creatures
  2 adders (D:2)
  A dart slug (D:1)
  5 ball pythons
  4 bats
  An endoplasm (D:1)
  A giant cockroach (D:2)
  6 goblins
  3 hobgoblins
  A quokka (D:1)
  2 frilled lizards
  A kobold (D:1)
  3 rats
30 creatures vanquished.

Notes
Turn   | Place    | Note
-------+----------+-------------------------------------------
     0 | D:1      | dialectric the Minotaur Fighter began the quest for the
                  | Orb.
     0 | D:1      | Reached XP level 1. HP: 19/19 MP: 0/0
   111 | D:1      | Reached XP level 2. HP: 19/27 MP: 1/1
  1057 | D:2      | Reached XP level 3. HP: 33/33 MP: 2/2
  1547 | D:3      | Slain by a sleepcap

Illustrated notes

Levels and vault maps discovered:
D:1:      lemuel_arrival_muddy, layout_basic
D:2:      cheibrodos_old_hovel, layout_rooms
D:3:      layout_basic, shapermc_ecumenical_altar_rom_forum,
          minmay_fractal_squares_diagonal_5, uniq_grinder, uniq_ijyb, uniq_robin

Skill      XL: |  1  2 |
---------------+-------+-----
Armour         | 4 |  4.3
Fighting       | 4 |  4.4
Maces & Flails | 3 |  3.3
Shields        | |  3.7

Action                     || total
---------------------------++-------
  Melee: Flail             ||    28
         Headbutt          ||     6
         Dagger            ||    35
 Armour: Scale mail        ||    57
  Dodge: Dodged            ||    30

Table legend: (Time is in decaauts)
 A = Elapsed time spent in this place.
 B = Non-inter-level travel time spent in this place.
 C = Inter-level travel time spent in this place.
 D = Time resting spent in this place.
 E = Time spent auto-exploring this place.
 F = Levels seen in this place.
 G = Mean time per level.
                   A        B        C        D        E       F      G
               +--------+--------+--------+--------+--------+-----+--------+
         Total |   1555 |   1510 |     45 |      0 |   1303 |   3 |  518.3 |
       Dungeon |   1555 |   1510 |     45 |      0 |   1303 |   3 |  518.3 |
               +--------+--------+--------+--------+--------+-----+--------+

Top non-repeatable levels by time:
     D:1: 967 daAuts
     D:2: 571 daAuts
     D:3: 15 daAuts
